 Dungeon Crawl Stone Soup version bcrawl-1.37 (webtiles) character file.

Game seed: 2916661141472614945

381350 Cel the Severer (level 10, -1/115 HPs)
             Began as a Minotaur Berserker on Sept 25, 2022.
             Was a High Priest of Trog.
             Slain by a manticore (3 damage)
             ... on level 7 of the Dungeon.
             The game lasted 00:21:00 (6179 turns).

Cel the Severer (Minotaur Berserker)                Turns: 6179, Time: 00:21:01

Health: -1/115     AC:  9    Str: 29    XL:     10   Next: 20%
Magic:  9/9        EV:  9    Int:  4    God:    Trog [*****.]
Gold:   414        SH:  0    Dex: 15    Spells: 9/9 levels left

rFire    . . .     GDR:     29% v - +1 battleaxe (flame)
rCold    . . .     SeeInvis .   (shield currently unavailable)
rNeg     . . .     Gourm    .   n - +1 chain mail
rPois    .         Faith    .   (helmet restricted)
rElec    .         Spirit   .   (no cloak)
rCorr    .         Reflect  .   (no gloves)
MR       +++..                  (no boots)
Stlth    ..........             d - amulet of regeneration
HPRegen  0.56/turn              c - +4 ring of dexterity
MPRegen  0.11/turn              (no ring)

@: berserking, barbed spikes, very quick
A: retaliatory headbutt, horns 2
a: Berserk, Trog's Hand, Brothers in Arms, Renounce Religion


You were on level 7 of the Dungeon.
You worshipped Trog.
Trog was extremely pleased with you.
You were hungry.

You visited 1 branch of the dungeon, and saw 7 of its levels.
You also visited: Sewer.

You collected 414 gold pieces.

Inventory:

Hand Weapons
 a - a +1 hand axe
 v - a +1 battleaxe of flaming (weapon)
Missiles
 g - 1315 stones (quivered)
Armour
 n - a +1 chain mail (worn)
 q - a +2 hat
Jewellery
 c - a +4 ring of dexterity (left hand)
 d - an amulet of regeneration (around neck)
Wands
 r - a wand of charming (4)
Scrolls
 f - 6 scrolls of teleportation
 i - 2 scrolls of identify
 l - 3 scrolls of remove curse
 w - a scroll of enchant weapon
 y - a scroll of summoning
 A - a scroll of fear {unknown}
 B - a scroll of immolation
Potions
 b - 3 potions of brilliance {unknown}
 h - a potion of haste {unknown}
 j - 3 potions of flight {unknown}
 k - a potion of mutation {unknown}
 m - 6 potions of curing {unknown}
 o - 2 potions of lignification {unknown}
 p - a potion of magic {unknown}
 s - 2 potions of berserk rage {unknown}
 t - a potion of agility {unknown}
 u - 2 potions of resistance
 x - 4 potions of heal wounds
Comestibles
 e - 8 rations {!d}
 z - 6 chunks of flesh


   Skills:
 - Level 3.6 Fighting
 + Level 16.9 Axes
 - Level 2.4 Armour
 - Level 2.1 Dodging


You had 9 spell levels left.
You didn't know any spells.
Your spell library was empty.

Dungeon Overview and Level Annotations

Branches:
Dungeon (7/12)             Temple (0/1) D:4            Lair (0/6) D:7

Altars:
Fedhas
Kikubaaqudgha
Lugonu

Shops:
D:5 *:*   D:7 [


Innate Abilities, Weirdness & Mutations

You reflexively headbutt those who attack you in melee.
You have a pair of horns on your head.


Message History

The manticore claws you but does no damage.
A red film seems to cover your vision as you go berserk!
You feel yourself moving faster!
You feel mighty!
You are feeling hungry.
The manticore barely misses you.
The manticore claws you but does no damage.
The manticore claws you.
* * * LOW HITPOINT WARNING * * *
You barely miss the manticore. The manticore bites you!!
* * * LOW HITPOINT WARNING * * *
The manticore claws you but does no damage.
The manticore claws you!
* * * LOW HITPOINT WARNING * * *
Okay, then.
You are too berserk!
You slash the manticore! You burn the manticore.
Your headbutt misses the manticore.
The manticore is heavily wounded.
The manticore bites you.
You die...

.#.......#.#.#.#)#.##.# ##.
#.#+....#.#.#.#.#.#'#.# #.
.#.#....+#.#.#.#.#....# ###.
#.#+......#.#.#.#'....# ##...
.###......####.###...÷#### ##....
<#........#.....#........# #....P
##.##.....#......####....###.....
..........#....H.......#.##..♣...
##.###....####.#@.###..#.##.....♣
##..[...### #..#.##.....##......
######### #..#.##...#......... #
##)#.##...#......... #
#.#.##...#.........
#...##...+.........
##..##..##.........
#..##........#....
##.###+###...#....


You could see a manticore.

Vanquished Creatures
  A troll (D:7)
  A wraith (D:7)
  4 yaks (D:7)
  Sigmund (D:3)
  A basilisk (D:7)
  A vampire mosquito (D:7)
  2 crocodiles (D:7)
  An orc warrior (D:7)
  A sky beast (D:6)
  A black bear (D:6)
  4 ogres (D:5)
  2 phantoms
  5 bullfrogs
  3 kobold brigands (Sewer)
  2 centaurs (D:5)
  3 scorpions
  4 wights
  2 orc priests (D:7)
  4 crimson imps
  3 hounds
  2 jellies
  4 orc wizards
  Jessica (D:3)
  3 bullfrog skeletons
  Natasha (twice) (D:3)
  Terence (D:2)
  8 worker ants
  An iguana (D:4)
  3 hound zombies
  A hound skeleton (D:5)
  2 worker ant zombies (D:5)
  Robin (D:2)
  13 adders
  A howler monkey skeleton (D:6)
  6 river rats (Sewer)
  A shadow imp (D:6)
  An ooze (D:3)
  4 adder skeletons
  5 worms
  2 dart slugs
  7 leopard geckos
  15 orcs
  6 ball pythons
  7 bats
  5 giant cockroaches
  16 goblins
  16 hobgoblins
  13 jackals
  3 quokkas
  2 frilled lizards
  22 kobolds
  23 rats
243 creatures vanquished.

Vanquished Creatures (others)
  3 fungi (D:7)
  14 plants (D:7)
17 creatures vanquished.

Grand Total: 260 creatures vanquished

Notes
Turn   | Place    | Note
-------+----------+-------------------------------------------
     0 | D:1      | Cel the Minotaur Berserker began the quest for the Orb.
     0 | D:1      | Reached XP level 1. HP: 19/19 MP: 0/0
    32 | D:1      | Reached skill level 4 in Axes
   179 | D:1      | Reached XP level 2. HP: 26/26 MP: 1/1
   395 | D:1      | Reached skill level 5 in Axes
   398 | D:1      | Reached ** piety under Trog
   421 | D:1      | Reached XP level 3. HP: 31/31 MP: 2/2
   984 | D:2      | Noticed Terence
  1002 | D:2      | Killed Terence
  1003 | D:2      | Reached skill level 6 in Axes
  1003 | D:2      | Reached XP level 4. HP: 29/39 MP: 3/3
  1224 | D:2      | Noticed Robin
  1243 | D:2      | Reached *** piety under Trog
  1250 | D:2      | Killed Robin
  1646 | D:3      | Noticed Natasha
  1651 | D:3      | Killed Natasha
  1652 | D:3      | Reached skill level 7 in Axes
  1652 | D:3      | Reached XP level 5. HP: 39/45 MP: 4/4
  1653 | D:3      | Noticed Jessica
  1668 | D:3      | Killed Jessica
  1670 | D:3      | Reached skill level 8 in Axes
  1670 | D:3      | Reached XP level 6. HP: 29/51 MP: 5/5
  1824 | D:3      | Noticed Sigmund
  1831 | D:3      | Killed Sigmund
  1832 | D:3      | Reached skill level 9 in Axes
  1865 | D:3      | Noticed Natasha
  1868 | D:3      | Killed Natasha
  2167 | D:4      | Reached XP level 7. HP: 54/57 MP: 6/6
  2259 | D:4      | Reached skill level 10 in Axes
  2292 | D:4      | Reached **** piety under Trog
  2520 | D:4      | Found a staircase to the Ecumenical Temple.
  2771 | D:5      | Entered Level 5 of the Dungeon
  2946 | D:5      | Reached skill level 11 in Axes
  3021 | D:5      | Reached XP level 8. HP: 44/64 MP: 7/7
  3057 | D:5      | Found Zoojex's Book Shoppe.
  3071 | D:5      | Found Bajyge's General Store.
  3091 | D:5      | Found a blossoming altar of Fedhas.
  3092 | D:5      | Found a corrupted altar of Lugonu.
  3207 | D:5      | Reached skill level 12 in Axes
  3513 | D:5      | Got an iridescent quick blade
  3546 | D:5      | Found Ritos's General Store.
  3603 | D:5      | Reached skill level 13 in Axes
  3810 | D:6      | Found a glowing drain.
  3821 | Sewer    | Entered a sewer
  4040 | Sewer    | Reached XP level 9. HP: 65/70 MP: 8/8
  4049 | Sewer    | Reached ***** piety under Trog
  4155 | Sewer    | Reached skill level 14 in Axes
  5018 | D:6      | Found an ancient bone altar of Kikubaaqudgha.
  5070 | D:7      | Noticed a manticore
  5202 | D:7      | Reached skill level 15 in Axes
  5592 | D:7      | Found Sofydav's Antique Armour Boutique.
  5669 | D:7      | Noticed a troll
  5837 | D:7      | Found a staircase to the Lair.
  5851 | D:7      | Reached skill level 16 in Axes
  5934 | D:7      | Reached XP level 10. HP: 40/77 MP: 9/9
  6178 | D:7      | HP: 1/115 [manticore (8)]
  6179 | D:7      | Slain by a manticore

Skill      XL: |  1  2  3  4  5  6  7  8  9 |
---------------+----------------------------+-----
Axes           | 4 5 6 7 8 9 11 13 16 | 16.9
Fighting       | |  3.6
Armour         | |  2.4
Dodging        | |  2.1

Action                   |  1- 3 |  4- 6 |  7- 9 | 10-12 || total
-------------------------+-------+-------+-------+-------++-------
Melee: Hand axe          |    68 |   108 |    44 |       ||   220
       Headbutt          |     7 |    26 |    60 |     2 ||    95
       Battleaxe         |       |       |   255 |    14 ||   269
Invok: Berserk           |       |     1 |     2 |     1 ||     4
       Trog's Hand       |       |     1 |     2 |       ||     3
  Use: Scroll            |       |       |    10 |       ||    10
 Stab: Sleeping          |     1 |       |       |       ||     1
  Eat: Chunk             |     2 |     7 |    17 |     2 ||    28
       Ration            |       |       |     1 |       ||     1
Armor: Animal skin       |     9 |       |       |       ||     9
       Chain mail        |     4 |    49 |   140 |     4 ||   197
Dodge: Dodged            |    30 |    51 |   116 |     3 ||   200
